Map: Ulrena

Players

Xandros - Winner!

  • Race: Zerg Zerg

IA (Medio) 1

  • Race: Terran Terran

VOD

Have the link to the VOD?

Description

Time

  • Played on: Nov. 20, 2015, 1:19 p.m.
  • Length: 9:03
Show
View Real Time Build Order
Export as new Build Order

Xandros Zerg - Winner!

Build Orders: Hatch First 

Get SALT Encoding   

  12  0:03  Drone  
  13  0:13  Overlord  
  13  0:24  Drone  
  14  0:31  Drone x2  
  16  0:36  Drone  
  17  1:03  Hatchery  
  17  1:04  Drone x2  
  18  1:10  Extractor  
  17  1:19  Spawning Pool  
  17  1:23  Drone  
  17  1:24  Drone  
  18  1:29  Drone  
  19  1:40  Drone  
  20  1:51  Drone  
  21  2:02  Drone  
  22  2:14  Queen  
  22  2:15  Queen  
  24  2:17  Overlord  
  24  2:18  Overlord  
  26  2:28  Metabolic Boost  
  26  2:40  Roach Warren  
  25  2:45  Drone x2  
  25  2:46  Drone x3  
  25  2:51  Lair  
  30  3:21  Drone x3, Extractor  
  30  3:24  Overlord  
  32  3:31  Extractor  
  32  3:32  Drone x5, Extractor  
  35  3:46  Drone  
  36  3:50  Drone x3  
  36  3:53  Overlord  
  39  4:08  Drone  
  40  4:13  Drone  
  40  4:14  Drone  
  42  4:25  Queen  
  44  4:35  Overlord  
  44  4:36  Overlord  
  44  4:40  Drone x2  
  44  4:41  Drone, Nydus Network  
  44  4:43  Drone x2  
  48  4:51  Zergling x6  
  51  4:56  Queen  
  53  5:03  Overseer  
  53  5:35  Queen  
  53  5:38  Overlord x2  
  55  5:43  Drone  
  55  5:45  Drone  
  55  5:48  Roach x2  
  55  5:49  Roach x7  
  75  6:21  Roach  
  75  6:22  Roach x5  
  87  6:57  Nydus Canal  
  82  7:24  Roach x4  
  82  7:25  Roach  
  79  8:12  Roach x4  
  84  8:13  Roach  
Show
View Real Time Build Order
Export as new Build Order

IA (Medio) 1 Terran 

Build Orders:  

Get SALT Encoding   

  12  0:00  SCV  
  13  0:13  SCV  
  14  0:20  Supply Depot  
  14  0:25  SCV  
  15  0:41  SCV  
  16  0:44  Barracks  
  16  0:48  Refinery  
  16  0:53  SCV  
  17  1:05  SCV  
  18  1:16  Supply Depot  
  18  1:30  Marine  
  19  1:35  Barracks, Orbital Command  
  19  1:43  Refinery  
  19  1:48  Barracks Tech Lab  
  19  2:06  Marine  
  20  2:15  Supply Depot  
  20  2:24  Marine  
  21  2:33  Marine  
  22  2:47  Marine  
  22  2:48  Supply Depot  
  23  2:57  SCV  
  24  3:01  Marine  
  25  3:09  SCV  
  25  3:10  Engineering Bay  
  26  3:14  Marine  
  27  3:21  SCV  
  28  3:28  Marine  
  28  3:33  SCV  
  30  3:42  Marauder  
  30  3:45  SCV  
  33  3:49  Supply Depot  
  33  3:55  Marine  
  33  3:57  SCV  
  35  4:09  Marauder  
  37  4:31  Marauder  
  39  4:52  Marauder  
  41  6:51  Barracks Tech Lab, Reaper  
  42  6:54  Factory  
  42  6:57  Factory  
  42  6:58  Missile Turret  
  42  6:59  Missile Turret  
  42  7:05  Command Center, Sensor Tower  
  42  7:09  Marine  
  43  7:19  Barracks  
  42  7:23  Reaper  
  42  7:24  Bunker  
  42  7:27  Marine  
  42  7:28  SCV  
  29  7:40  SCV  
  25  7:44  Marine  
  25  7:47  Hellion  
  24  7:52  SCV  
  24  7:55  Marine  
  23  8:04  SCV  
  24  8:08  Hellion  
  24  8:16  SCV x2  
  24  8:18  Refinery  
  21  8:28  SCV x2  
  21  8:31  Refinery  
  23  8:37  Engineering Bay  
  22  8:42  SCV  
  22  8:47  Supply Depot  
Tags
 
Matchup
TvZ
Add a new tag
Caveats
  • Supply blocks, unpowered buildings, or Contaminate may cause inaccurate times.
  • Supply counts are checked every 10 seconds.